 Dungeon Crawl Stone Soup version 0.25.1-2-g60ff931df9 (webtiles) character file.

Game seed: 13286902277589052751

707720 Johnny the Metallomancer (level 27, -4/254 HPs)
             Began as a Demigod Earth Elementalist on Oct 8, 2020.
             Killed by a guardian mummy's death curse (14 damage)
             ... on level 20 of a ziggurat.
             The game lasted 02:47:08 (67032 turns).

Johnny the Metallomancer (DgEE)                    Turns: 67032, Time: 02:47:09

Health: -4/254     AC: 16    Str: 16    XL:     27
Magic:  29/52      EV: 12    Int: 41    God:
Gold:   1632       SH: 19    Dex: 13    Spells: 11/64 levels left

rFire    + + .     SeeInvis +   Q - staff of earth
rCold    + + .     Gourm    .   h - +5 kite shield {rN+}
rNeg     + + .     Faith    .   r - +4 troll leather armour
rPois    +         Spirit   .   f - +2 hat of the Sailor {rN+ Dex-5 SInv}
rElec    +         Reflect  .   y - +2 cloak "Inul" {Harm rCorr Str+3 Int+4}
rCorr    +         Harm     +   Z - +0 pair of gloves of Gatealom {rC++ MR- Stlth+}
MR       +++..                  U - +1 pair of boots
Stlth    +++.......             n - amulet of magic regeneration
HPRegen  0.92/turn              t - ring of Scepticism {rElec rF++ MR+ Str+2}
MPRegen  0.58/turn              C - ring "Zoafiom" {rPois MR+ Slay+2}

@: lethally poisoned (-4 -> -16), shrouded, very slightly contaminated, slowed,
very slow
A: thin skeletal structure 1, blurry vision 1, high mp 1, robust 1, subdued
magic 1
}: 3/15 runes: barnacled, silver, gossamer
a: no special abilities


You were on level 20 of a ziggurat.
You were completely stuffed.

You visited 8 branches of the dungeon, and saw 40 of its levels.
You visited the Abyss 1 time.
You visited 1 bazaar.
You visited 1 ziggurat, and saw 20 of its levels.
You also visited: Gauntlet and Ice Cave.

You collected 7350 gold pieces.
You spent 5718 gold pieces at shops.

Inventory:

Hand Weapons
 c - a +1 demon blade of venom
Missiles
 s - 865 stones (quivered)
 I - 14 throwing nets
Armour
 f - the +2 hat of the Sailor (worn) {rN+ Dex-5 SInv}
   (You found it in a Gauntlet)

   It affects your dexterity (-5).
   It protects you from negative energy.
   It lets you see invisible.
 h - a +5 kite shield of positive energy (worn)
 r - a +4 troll leather armour (worn)
 w - a +7 tower shield of positive energy
 y - the +2 cloak "Inul" (worn) {Harm rCorr Str+3 Int+4}
   (You found it on level 4 of a ziggurat)

   It affects your strength (+3).
   It affects your intelligence (+4).
   It provides partial protection from all sources of acid and corrosion.
   It increases damage dealt and taken.
 U - a +1 pair of boots (worn)
 Z - the +0 pair of gloves of Gatealom (worn) {rC++ MR- Stlth+}
   (You found it on level 3 of the Elven Halls)

   It greatly protects you from cold.
   It affects your resistance to hostile enchantments.
   It makes you more stealthy.
Magical Staves
 Q - an uncursed staff of earth (weapon)
 S - an uncursed staff of energy
Jewellery
 n - an amulet of magic regeneration (around neck)
 t - the ring of Scepticism (left hand) {rElec rF++ MR+ Str+2}
   (You found it on level 4 of the Lair of Beasts)

   [ring of protection from magic]

   It affects your strength (+2).
   It greatly protects you from fire.
   It insulates you from electricity.
   It affects your resistance to hostile enchantments.
 C - the ring "Zoafiom" (right hand) {rPois MR+ Slay+2}
   (You bought it in a shop on level 2 of the Orcish Mines)

   [ring of protection from magic]

   It affects your accuracy and damage with ranged weapons and melee attacks
   (+2).
   It protects you from poison.
   It affects your resistance to hostile enchantments.
 W - the amulet of Trepidation {Reflect rC+ rN+ Int+3 SH+5}
   (You acquired it on level 5 of the Vaults)

   [amulet of reflection]

   It shields you and reflects attacks.
   It affects your intelligence (+3).
   It protects you from cold.
   It protects you from negative energy.
   It affects your SH (+5).
 X - a +6 ring of intelligence
Wands
 K - a wand of digging (7)
 O - a wand of iceblast (8)
 R - a wand of clouds (2)
Scrolls
 a - 19 scrolls of remove curse
 g - 4 scrolls of holy word
 k - 11 scrolls of immolation
 m - 10 scrolls of magic mapping
 o - 3 scrolls of blinking
 x - 9 scrolls of teleportation
 z - 4 scrolls of vulnerability
 A - a scroll of summoning
 H - 3 scrolls of noise
 J - 2 scrolls of silence
 T - 4 scrolls of enchant weapon
 V - 13 scrolls of fog
Potions
 b - 6 potions of might
 e - 14 potions of curing
 i - 13 potions of mutation
 l - 2 potions of haste
 q - a potion of experience
 u - 8 potions of flight
 v - 4 potions of cancellation
 B - 3 potions of berserk rage
 D - 7 potions of heal wounds
 E - 2 potions of invisibility
 G - 3 potions of brilliance
 L - a potion of magic
 M - 9 potions of lignification
 N - 2 potions of resistance
Miscellaneous
 j - 8 phantom mirrors
 F - a lightning rod (4/4)
 P - a phial of floods
 Y - 2 boxes of beasts
Comestibles
 d - 15 rations


   Skills:
 - Level 15.8 Fighting
 - Level 1.7 Dodging
 - Level 1.7 Stealth
 + Level 15.7 Shields
 * Level 19.3 Spellcasting
 - Level 18.3 Translocations
 - Level 0.8 Transmutations
 - Level 23.6 Earth Magic


You had 11 spell levels left.
You knew the following spells:

 Your Spells              Type           Power        Failure   Level  Hunger
a - Sandblast             Erth           ######       0%          1    None
b - Stone Arrow           Conj/Erth      ######       0%          3    None
c - Lee's Rapid Deconstr  Erth           ########..   0%          5    None
d - Petrify               Tmut/Erth      ########     1%          4    None
e - Blink                 Tloc           N/A          0%          2    None
f - Iron Shot             Conj/Erth      ########..   1%          6    None
g - Passwall              Tmut/Erth      ########     0%          2    None
h - Borgnjor's Vile Clut  Necr/Erth      ########..   1%          5    None
i - Mephitic Cloud        Conj/Pois/Air  ####....     1%          3    None
j - Shatter               Erth           ########..   3%          9    #####..
k - Controlled Blink      Tloc           N/A          1%          8    ##.....
l - Sublimation of Blood  Necr           ####......   1%          2    None
m - Apportation           Tloc           ######       0%          1    None
n - Shroud of Golubria    Chrm/Tloc      ######       0%          2    None

Your spell library contained the following spells:

 Spells                   Type           Power        Failure   Level  Hunger
 Gell's Gravitas          Tloc           #######...   0%          3    None
 Lesser Beckoning         Tloc           #######...   0%          3    None
 Teleport Other           Tloc           #######.     0%          3    None
 Passage of Golubria      Tloc           N/A          0%          4    None
 Animate Skeleton         Necr           N/A          1%          1    None
 Beastly Appendage        Tmut           #####.       1%          1    None
 Corona                   Hex            ####...      1%          1    None
 Foxfire                  Conj/Fire      ####         1%          1    None
 Freeze                   Ice            ####         1%          1    None
 Infusion                 Chrm           ####         1%          1    None
 Magic Dart               Conj           ####         1%          1    None
 Pain                     Necr           ####         1%          1    None
 Shock                    Conj/Air       ####         1%          1    None
 Sting                    Tmut/Pois      ####         1%          1    None
 Summon Butterflies       Summ           ####....     1%          1    None
 Summon Small Mammal      Summ           ####         1%          1    None
 Call Imp                 Summ           ####....     1%          2    None
 Corpse Rot               Necr/Air       N/A          1%          2    None
 Ensorcelled Hibernation  Hex/Ice        ####..       1%          2    None
 Poisonous Vapours        Pois/Air       ####..       1%          2    None
 Slow                     Hex            ####....     1%          2    None
 Song of Slaying          Chrm           ####....     1%          2    None
 Swiftness                Chrm/Air       ####....     1%          2    None
 Call Canine Familiar     Summ           ####....     1%          3    None
 Confusing Touch          Hex            ####....     1%          3    None
 Conjure Flame            Conj/Fire      ####....     1%          3    None
 Dazzling Flash           Conj/Hex       ####..       1%          3    None
 Frozen Ramparts          Ice            ####..       1%          3    None
 Ignite Poison            Fire/Tmut/Pois ####....     1%          3    None
 Inner Flame              Hex/Fire       ####....     1%          3    None
 Ozocubu's Armour         Chrm/Ice       ####....     1%          3    None
 Portal Projectile        Hex/Tloc       ######       1%          3    None
 Spectral Weapon          Hex/Chrm       ####....     1%          3    None
 Static Discharge         Conj/Air       ####....     1%          3    None
 Tukima's Dance           Hex            ####....     1%          3    None
 Vampiric Draining        Necr           ####......   1%          3    None
 Leda's Liquefaction      Hex/Erth       ########..   1%          4    None
 Bolt of Magma            Conj/Fire/Erth #######...   1%          5    None
 Summon Forest            Summ/Tloc      ######....   1%          5    None
 Dispersal                Tloc           #######...   1%          6    None
 Statue Form              Tmut/Erth      ########.    1%          6    None
 Disjunction              Tloc           #######...   1%          8    ##.....
 Airstrike                Air            ####......   6%          4    None
 Animate Dead             Necr           N/A          6%          4    None
 Cause Fear               Hex            ####......   6%          4    None
 Fulminant Prism          Conj/Hex       ####......   6%          4    None
 Hailstorm                Conj/Ice       ####....     6%          4    None
 Olgreb's Toxic Radiance  Pois           ####....     6%          4    None
 Sticky Flame             Conj/Fire      ####....     6%          4    None
 Summon Ice Beast         Ice/Summ       ####....     6%          4    None
 Summon Lightning Spire   Summ/Air       ####....     6%          4    None
 Irradiate                Conj/Tmut      ####......   16%         5    None
 Agony                    Necr           ####....     19%         5    None
 Excruciating Wounds      Chrm/Necr      ####......   19%         5    None
 Fireball                 Conj/Fire      ####......   19%         5    None
 Iskenderun's Battlesphe  Conj/Chrm      ####....     19%         5    None
 Lightning Bolt           Conj/Air       ####......   19%         5    None
 Metabolic Englaciation   Hex/Ice        ####......   19%         5    None
 Silence                  Hex/Air        ####......   19%         5    None
 Summon Mana Viper        Hex/Summ       ####....     19%         5    None
 Lehudib's Crystal Spear  Conj/Erth      ########..   34%         8    ##.....
 Hydra Form               Tmut           #####.....   58%         6    None
 Eringya's Noxious Bog    Tmut/Pois      ####......   65%         6    None
 Freezing Cloud           Conj/Ice/Air   ####......   73%         6    None
 Invisibility             Hex            ####....     73%         6    None
 Simulacrum               Ice/Necr       ####......   73%         6    None
 Starburst                Conj/Fire      ####......   73%         6    None
 Orb of Destruction       Conj           ####......   99%         7    None
 Ring of Flames           Chrm/Fire      ####......   99%         7    None
 Spellforged Servitor     Conj/Summ      ####......   99%         7    None
 Summon Hydra             Summ           ####......   99%         7    None
 Chain Lightning          Conj/Air       ####......   100%        8    ##.....
 Ignition                 Fire           ####......   100%        8    ##.....
 Absolute Zero            Ice            ####......   100%        9    #####..
 Fire Storm               Conj/Fire      ####......   100%        9    #####..
 Tornado                  Air            ####......   100%        9    #####..


Dungeon Overview and Level Annotations

Branches:
Dungeon (15/15)            Temple (0/1) D:5            Lair (6/6) D:11
 Shoals (4/4) Lair:2       Spider (4/4) Lair:4        Slime (0/5) Lair:6
    Orc (2/2) D:10            Elf (3/3) Orc:2        Vaults (5/5) D:13
  Crypt (0/3) Vaults:3     Depths (1/5) D:15          IceCv (visited)
Gauntlet (visited)

Shops:
D:4 (   D:6 [   D:9 !   D:10 %   D:12 =   Orc:2 ==%%   Elf:2 %   Vaults:2 [((}
Vaults:5 *

Portals:
Abyss: Spider:3
Trove: D:12 (give +6 demon blade)

Annotations:
Lair:2 1 runed translucent door, peterlawrence's ghost, journeyman MiFi
Lair:3 2 transporters, H0rd4k's ghost, journeyman HuAr
Shoals:1 1 runed translucent door, doomsgape's ghost, adept TrHu


Innate Abilities, Weirdness & Mutations

You have an increased reservoir of magic. (+10% MP)
You have a somewhat thin skeletal structure. (Dex +2, Stealth)
Scrolls take you a little longer to read.
You are robust. (+10% HP)
Your spells are a little easier to cast, but a little less powerful.


Message History

The mummy priest convulses!
The mummy convulses!
You destroy the mummy!
The mummy priest convulses!
The shadow convulses!
The flying skull convulses!
You destroy the flying skull!
The mummy convulses!
You destroy the mummy!
You feel extremely nervous for a moment...
You feel horribly lethargic.
You feel as though you will be slow longer.
You feel extremely nervous for a moment...
Pain shoots through your body!
* * * LOW HITPOINT WARNING * * *
You feel extremely nervous for a moment...
You shiver with cold.
You feel extremely nervous for a moment...
Your body is wracked with pain!
* * * LOW HITPOINT WARNING * * *
You feel extremely nervous for a moment...
Pain shoots through your body!
You die...

▓▓..........
▓▓...........
▓.............
▓..............
▓M.L.....Z......
▓s...........§..
▓.sMsM...........
▓▓MMM†MZ...M......
▓@.°○M°8..........
▓M○ZZ8............
▓}:°○M............
▓[∩)☼8Z§...8......
))>)!MM.........M.
▓)∩§3.8.M ...
▓(:MM.MW. ...
▓........ ... ...


You could see 7 greater mummies, 3 emperor scorpions, a lich (dazed), 6 mummy
priests, 3 guardian mummies, 4 ushabtiu, a spectral juggernaut (summoned,
dazed), a sixfirhy (summoned, dazed), a shadow (summoned, dazed), a shadow
dragon zombie (dazed), a titan zombie (dazed) and a tengu reaver zombie (dazed).

Vanquished Creatures
  2 ancient liches
  3 pandemonium lords
  A greater mummy (Zig:6)
  3 Killer Klowns (Zig:12)
  the Enchantress (Depths:1)
  Nikola (Vaults:2)
  2 bone dragons (Zig:18)
  6 liches
  Jorgrun (D:14)
  2 tentacled monstrosities
  4 deep elf blademasters (Elf:3)
  5 titans (Vaults:5)
  13 acid blobs
  An Executioner (Abyss:2)
  5 deep elf master archers (Elf:3)
  The ghost of ChadusMaximus the Severer, an adept MiBe of Trog (Spider:3)
  Kirke (Lair:4)
  A thorn hunter (Zig:2)
  6 sphinxes
  4 ancient champions
  5 tentacled starspawn
  2 shadow dragons (Vaults:5)
  15 nagarajas
  3 storm dragons
  4 tengu reavers
  Roxanne (Spider:4)
  A draconian monk (Zig:8)
  Ilsuiw (Shoals:3)
  4 revenants (Zig:18)
  A shadow dragon (shapeshifter) (Vaults:3)
  3 fire giants (Vaults:5)
  A frost giant (Vaults:4)
  3 azure jellies
  8 deep elf sorcerers
  A fire giant (shapeshifter) (Zig:12)
  2 emperor scorpions (Spider:4)
  Donald (Elf:2)
  A draconian knight (Zig:11)
  2 cacodemons
  2 orc warlords
  12 vault wardens
  3 draconian scorchers
  A frost giant (shapeshifter) (Zig:12)
  Aizul (Lair:4)
  5 ghost moths
  A draconian shifter (Zig:8)
  Louise (Shoals:3)
  A caustic shrike zombie (Zig:10)
  4 deep elf elementalists
  2 draconian annihilators
  3 spriggan defenders (Depths:1)
  4 curse skulls (Zig:18)
  11 stone giants
  8 ironheart preservers
  3 entropy weavers
  A blood saint (Zig:5)
  3 reapers
  9 very ugly things
  2 green draconians (Zig:8)
  2 war gargoyles (Vaults:5)
  A corrupter (Zig:5)
  13 deep elf annihilators
  5 vampire knights (Zig:18)
  A lorocyproca (Zig:16)
  3 deep elf demonologists
  A dire elephant (Lair:6)
  2 black suns
  A dire elephant (shapeshifter) (Zig:12)
  A minotaur (Gauntlet)
  A spark wasp (Spider:4)
  2 white draconians (Zig:8)
  3 eidola (Zig:18)
  10 merfolk impalers
  7 ettins
  4 crystal guardians
  A green death (Zig:16)
  10 merfolk javelineers
  A death ooze (Zig:19)
  4 deep elf death magi
  3 mummy priests
  3 deep elf high priests
  9 yaktaur captains
  5 great orbs of eyes
  3 fire dragons
  Harold (D:7)
  A rakshasa (Vaults:3)
  41 vault guards
  10 hydras
  4 ice dragons
  2 naga warriors (Zig:7)
  3 catoblepae
  A shambling mangrove (Zig:2)
  A hell beast (Zig:16)
  A spriggan air mage (Depths:1)
  12 ogre magi
  8 merfolk aquamancers
  5 merfolk avatars
  24 dancing weapons
  2 satyrs (Shoals:3)
  2 anacondas
  37 two-headed ogres
  A deep troll shaman (Lair:6)
  2 death knights
  3 alligator snapping turtles
  18 death yaks
  11 centaur warriors
  2 tengu warriors
  6 death scarabs
  A deep troll earth mage (Vaults:1)
  4 naga sharpshooters
  2 orc high priests (Orc:1)
  Nergalle (D:12)
  A vampire mage (Zig:18)
  3 hell hogs (Spider:3)
  Urug (D:12)
  4 thrashing horrors
  6 shock serpents
  18 deep elf knights
  2 soul eaters (Vaults:3)
  A spectral death yak (Gauntlet)
  2 sun demons
  A hell knight (Vaults:4)
  A salamander mystic (Zig:11)
  4 wretched stars
  3 sixfirhies
  3 skeletal warriors (Zig:10)
  The ghost of Thomus the Thaumaturge, a novice DECj of Vehumet (D:8)
  3 shadow wraiths
  3 spatial maelstroms (Zig:14)
  An iron troll (shapeshifter) (Zig:12)
  18 sea snakes
  2 shadow demons
  4 flayed ghosts
  5 deep trolls
  A lindwurm (shapeshifter) (Vaults:5)
  A glowing orange brain (shapeshifter) (Vaults:5)
  6 wizards
  8 unseen horrors
  2 phantasmal warriors
  16 deep elf archers
  An orange crystal statue (D:14)
  3 glowing orange brains
  An obsidian statue (Vaults:4)
  A harpy (shapeshifter) (Vaults:4)
  9 ironbrand convokers
  7 harpies
  4 necromancers
  26 wolf spiders
  A naga ritualist (Zig:17)
  13 orb spiders
  A wolf spider (shapeshifter) (Vaults:5)
  15 fauns
  2 frost giant zombies
  5 orc sorcerers
  58 deep elf magi
  2 sphinx skeletons (Zig:10)
  A fire giant zombie (Zig:10)
  10 orc knights
  17 manticores
  A stone giant zombie (Zig:4)
  30 ugly things
  A salamander (shapeshifter) (Vaults:4)
  4 oklob plants (Lair:5)
  11 cyclopes
  2 fauns (shapeshifter)
  2 tengu skeletons
  10 merfolk sirens
  2 human skeletons
  5 guardian serpents
  12 vault sentinels
  2 guardian serpents (shapeshifter)
  2 moths of wrath
  10 naga magi
  A rust devil (Zig:4)
  5 elephants (Lair:6)
  5 water nymphs
  A fire giant skeleton (Abyss:2)
  2 molten gargoyles (Gauntlet)
  2 torpor snails
  2 ice statues (IceCv)
  4 apocalypse crabs
  2 centaur zombies (D:15)
  5 centaur skeletons
  24 black mambas
  2 gargoyles (Gauntlet)
  A water nymph (shapeshifter) (Zig:12)
  4 orange demons
  4 smoke demons
  A spiny frog (shapeshifter) (D:12)
  3 eyes of devastation (Zig:19)
  10 spiny frogs
  A hellion (Zig:5)
  6 freezing wraiths
  2 tormentors (Zig:16)
  3 rime drakes
  2 efreet
  7 komodo dragons
  2 ancient zymes (Abyss:2)
  2 rime drakes (shapeshifter)
  A tengu conjurer (D:15)
  30 yaktaurs
  10 demonic crawlers
  2 elf skeletons
  11 trolls
  24 merfolk
  14 guardian mummies
  26 blink frogs
  A polar bear (Lair:6)
  Prince Ribbit (D:6)
  16 jumping spiders
  5 wind drakes
  A wind drake (shapeshifter) (Vaults:5)
  16 large abominations
  A polar bear (shapeshifter) (D:15)
  3 raiju (Abyss:2)
  A tengu simulacrum (Vaults:1)
  9 hornets
  34 slime creatures
  A stone giant simulacrum (Vaults:4)
  10 dream sheep
  19 hippogriffs
  8 snapping turtles
  A frost giant simulacrum (Vaults:4)
  5 air elementals
  50 redbacks
  4 flying skulls
  28 tarantellas
  2 shadows
  3 tarantellas (shapeshifter)
  4 wyverns
  3 spriggans (Depths:1)
  A spriggan (shapeshifter) (D:15)
  An ushabti (Zig:6)
  5 wraiths
  A vampire (D:13)
  40 yaks
  21 water elementals
  An elf zombie (Zig:6)
  3 ynoxinuls
  A hog (shapeshifter) (Vaults:2)
  4 basilisks
  3 hogs (Lair:4)
  2 golden eyes (Zig:19)
  A steam dragon (D:9)
  5 small abominations
  Grum (D:11)
  5 hungry ghosts
  A neqoxec (Zig:16)
  A yaktaur simulacrum (Vaults:1)
  8 nagas
  3 chaos spawn
  An acid dragon (Vaults:2)
  An insubstantial wisp (Zig:14)
  12 wargs
  A hell hound (Zig:4)
  2 soldier ants (D:9)
  A floating eye (shapeshifter) (Elf:3)
  2 floating eyes
  6 porcupines
  21 water moccasins
  Duvessa (D:5)
  35 orc warriors
  An ice beast (shapeshifter) (Vaults:4)
  A swamp drake (Zig:2)
  6 sky beasts
  21 ice beasts
  4 black bears
  3 human zombies
  5 phantoms
  8 boggarts
  A hornet zombie (D:11)
  10 eyes of draining
  49 ogres
  29 wolves
  42 centaurs
  A crocodile (shapeshifter) (Vaults:1)
  10 crocodiles
  3 big kobolds
  14 bullfrogs
  2 earth elementals
  Blork the orc (D:8)
  2 tengu zombies
  Dowan (D:5)
  5 scorpions
  8 killer bees
  26 wights
  7 howler monkeys
  8 electric eels
  6 crimson imps
  16 starcursed masses
  A human simulacrum (Vaults:2)
  A bullfrog zombie (D:11)
  An iron imp (Zig:4)
  31 orc priests
  4 quasits
  Crazy Yiuf (D:7)
  9 hounds
  4 jellies
  26 orc wizards
  3 bullfrog skeletons
  Natasha (thrice) (D:3)
  2 iguanas
  11 worker ants
  17 mummies
  14 adders
  3 gnolls
  An adder (shapeshifter) (Vaults:4)
  5 shadow imps
  A white imp (Zig:10)
  5 oozes
  3 worms
  A dart slug (D:3)
  7 leopard geckos
  110 orcs
  2 ball pythons
  3 giant cockroaches
  5 goblins
  9 hobgoblins
  10 jackals
  5 quokkas
  5 bats
  4 frilled lizards
  25 kobolds
  A quokka skeleton (D:5)
  6 rats
  2 fungi
  9 plants
  A starspawn tentacle (Spider:3)
2172 creatures vanquished.

Vanquished Creatures (collateral kills)
  A deep elf blademaster (Elf:2)
  A deep elf mage (Elf:2)
  A smoke demon (Zig:14)
  An iron dragon simulacrum (Zig:14)
  A warg (D:10)
  A naga (Zig:17)
  An orc wizard (D:10)
  An iguana (D:10)
  3 orcs (D:10)
11 creatures vanquished.

Vanquished Creatures (others)
  A deep elf demonologist (Vaults:2)
  A deep elf knight (Vaults:2)
  A deep elf archer (Vaults:2)
  A deep elf mage (Vaults:2)
  An apocalypse crab (Spider:3)
  An ancient zyme (Zig:14)
  An orc warrior (D:10)
  A merfolk (Shoals:2)
  4 humans (Lair:4)
  A centaur (D:11)
  A small abomination (Zig:14)
  A bush (Lair:6)
  13 fungi
  25 plants
  10 starspawn tentacles
  4 withered plants
67 creatures vanquished.

Grand Total: 2250 creatures vanquished

Notes
Turn   | Place    | Note
-------+----------+-------------------------------------------
     0 | D:1      | Johnny the Demigod Earth Elementalist began the quest for
                  | the Orb.
     0 | D:1      | Reached XP level 1. HP: 14/14 MP: 5/5
   380 | D:1      | Reached skill level 3 in Earth Magic
   482 | D:1      | Reached XP level 2. HP: 8/20 MP: 5/7
  1476 | D:2      | Reached XP level 3. HP: 20/26 MP: 0/9
  2053 | D:2      | Reached skill level 4 in Earth Magic
  3171 | D:3      | Noticed Natasha
  3176 | D:3      | Killed Natasha
  3176 | D:3      | Reached XP level 4. HP: 13/33 MP: 4/10
  3417 | D:3      | Noticed Natasha
  3424 | D:3      | Killed Natasha
  3523 | D:3      | Noticed Natasha
  3547 | D:3      | Killed Natasha
  3750 | D:3      | Reached XP level 5. HP: 34/38 MP: 0/12
  3759 | D:3      | Noticed an ogre
  3766 | D:3      | Killed an ogre
  3766 | D:3      | Reached skill level 5 in Earth Magic
  3936 | D:3      | Noticed a sky beast
  3952 | D:3      | Killed a sky beast
  3952 | D:3      | Reached XP level 6. HP: 35/45 MP: 12/14
  4185 | D:3      | Learned a level 3 spell: Stone Arrow
  4745 | D:4      | Reached skill level 6 in Earth Magic
  4842 | D:4      | Found Nioz's Weapon Emporium.
  4851 | D:4      | Bought 21 stones for 25 gold pieces
  4851 | D:4      | Bought 12 stones for 14 gold pieces
  5089 | D:4      | Reached XP level 7. HP: 50/50 MP: 10/16
  5090 | D:4      | Found an iron altar of Okawaru.
  5602 | D:4      | You fall into a shaft and drop 2 floors!
  5616 | D:6      | Reached skill level 7 in Earth Magic
  5739 | D:6      | Gained mutation: You are robust. (+10% HP) [potion of
                  | mutation]
  5739 | D:6      | Gained mutation: You have a somewhat thin skeletal
                  | structure. (Dex +2, Stealth) [potion of mutation]
  6103 | D:6      | Found a basalt altar of Yredelemnul.
  6202 | D:6      | Reached skill level 5 in Spellcasting
  6202 | D:6      | Reached XP level 8. HP: 50/62 MP: 7/19
  6207 | D:6      | Reached skill level 8 in Earth Magic
  6466 | D:6      | Found Fepnum's Armour Boutique.
  6988 | D:5      | Entered Level 5 of the Dungeon
  6988 | D:5      | Noticed Dowan
  6997 | D:6      | Learned a level 5 spell: Lee's Rapid Deconstruction
  7001 | D:5      | Noticed Duvessa
  7005 | D:5      | Killed Dowan
  7007 | D:5      | Killed Duvessa
  7020 | D:5      | Reached skill level 9 in Earth Magic
  7342 | D:5      | Found a staircase to the Ecumenical Temple.
  8170 | D:4      | Found a sacrificial altar of Ru.
  8507 | D:7      | Found a runed translucent door.
  8508 | D:7      | Noticed Crazy Yiuf
  8514 | D:7      | Killed Crazy Yiuf
  8572 | D:7      | Noticed Prince Ribbit
  8572 | D:7      | Noticed Harold
  8589 | D:6      | Killed Prince Ribbit
  8731 | D:6      | Learned a level 4 spell: Petrify
  8886 | D:7      | Reached XP level 9. HP: 63/68 MP: 20/22
  9330 | D:7      | Reached skill level 10 in Earth Magic
  9721 | D:8      | Killed Blork the orc
 10029 | D:8      | Reached skill level 11 in Earth Magic
 10664 | D:8      | Reached XP level 10. HP: 31/75 MP: 4/25
 11455 | D:8      | Found a runed translucent door.
 11783 | D:8      | Noticed Thomus's ghost (novice DECj)
 11796 | D:8      | Killed Thomus's ghost
 12024 | D:7      | Killed Harold
 12024 | D:7      | Reached skill level 12 in Earth Magic
 12392 | D:9      | Found Ymafuy's Distillery.
 12402 | D:9      | Bought a potion of curing for 42 gold pieces
 12402 | D:9      | Bought a potion of invisibility for 112 gold pieces
 12402 | D:9      | Bought a potion of flight for 42 gold pieces
 12402 | D:9      | Bought a potion of lignification for 42 gold pieces
 12752 | D:9      | Learned a level 2 spell: Blink
 12756 | D:9      | Learned a level 3 spell: Mephitic Cloud
 13811 | D:10     | Entered Level 10 of the Dungeon
 13812 | D:10     | Noticed an unseen horror
 13821 | D:10     | Killed an unseen horror
 13972 | D:10     | Found a bloodstained altar of Trog.
 14045 | D:10     | Found Yjexus's Food Emporium.
 14215 | D:10     | Reached skill level 13 in Earth Magic
 14309 | D:10     | Reached XP level 11. HP: 65/81 MP: 20/28
 14479 | D:10     | Found a staircase to the Orcish Mines.
 15456 | D:11     | Got a citrine-encrusted chain mail
 15468 | D:11     | Identified the cursed +1 chain mail of Shadows and Fog {rF+
                  | MR+ Dex-5 SInv} (You found it on level 11 of the Dungeon)
 15645 | D:11     | Noticed Grum
 15647 | D:11     | Killed Grum
 16071 | D:11     | Found a staircase to the Lair.
 16742 | D:11     | Reached skill level 14 in Earth Magic
 16794 | D:11     | Noticed an unseen horror
 16799 | D:11     | Killed an unseen horror
 17394 | D:12     | Found Jituf's Jewellery Shoppe.
 17402 | D:12     | Bought an uncursed amulet of magic regeneration for 330
                  | gold pieces
 17414 | D:12     | Noticed a two-headed ogre
 17418 | D:12     | Killed a two-headed ogre
 17842 | D:12     | Found a portal to a secret trove of treasure.
 17891 | D:12     | Noticed an unseen horror
 17895 | D:12     | Killed an unseen horror
 17895 | D:12     | Reached skill level 10 in Spellcasting
 17927 | D:12     | Noticed a two-headed ogre
 17930 | D:12     | Killed a two-headed ogre
 18060 | D:12     | Noticed Nergalle
 18067 | D:12     | Killed Nergalle
 18067 | D:12     | Reached XP level 12. HP: 51/89 MP: 2/30
 18177 | D:12     | Noticed Urug
 18182 | D:12     | Killed Urug
 18334 | D:12     | Got an ancient mace
 18340 | D:12     | Identified the cursed +0 mace "Helesiumn" {flame, +Inv rC++
                  | rN+ Dex-2} (You found it on level 12 of the Dungeon)
 18383 | D:12     | Reached skill level 15 in Earth Magic
 18608 | D:13     | Noticed a centaur warrior
 18652 | Lair:1   | Entered Level 1 of the Lair of Beasts
 18766 | Lair:1   | Noticed a seven-headed hydra
 18771 | Lair:1   | Killed a seven-headed hydra
 19228 | Lair:1   | Reached skill level 1 in Shields
 19695 | Lair:1   | Found the +8 whip "Snakebite" {curare, rPois}
 19771 | Lair:1   | Noticed a seven-headed hydra
 19777 | Lair:1   | Killed a seven-headed hydra
 20171 | Lair:2   | Found a runed translucent door.
 20172 | Lair:2   | Noticed peterlawrence's ghost (journeyman MiFi)
 20463 | Lair:2   | Found a staircase to the Shoals.
 21370 | Lair:3   | Found a gate leading to a gauntlet.
 21381 | Gauntlet | Entered a Gauntlet
 21381 | Gauntlet | Found a transporter.
 21388 | Gauntlet | Found a transporter.
 21391 | Gauntlet | Found a transporter.
 21395 | Gauntlet | Found a transporter.
 21396 | Gauntlet | Found a transporter.
 21407 | Gauntlet | Found a transporter.
 21408 | Gauntlet | Found a transporter.
 21444 | Gauntlet | Noticed a catoblepas
 21479 | Gauntlet | Found a transporter.
 21493 | Gauntlet | Found the amulet of Vitality {Regen+ HP+15}
 21497 | Gauntlet | Found a transporter.
 21497 | Gauntlet | Found a transporter.
 21507 | Gauntlet | Found a transporter.
 21526 | Gauntlet | Noticed a dire elephant
 21538 | Gauntlet | Found a transporter.
 21540 | Gauntlet | Found a runed translucent door.
 21587 | Gauntlet | Reached XP level 13. HP: 60/94 MP: 4/33
 21621 | Gauntlet | Got a translucent hat
 21633 | Gauntlet | Identified the +2 hat of the Sailor {rN+ Dex-5 SInv} (You
                  | found it in a Gauntlet)
 21654 | Gauntlet | Reached skill level 16 in Earth Magic
 21760 | Gauntlet | Identified the +4 dagger "Vol Jomior" {vorpal, Stlth+}
 21760 | Gauntlet | Noticed a minotaur
 21770 | Gauntlet | Killed a minotaur
 21770 | Gauntlet | Reached skill level 5 in Shields
 21843 | Lair:3   | Identified the cursed +2 morningstar of Odgheczu {elec,
                  | rN+}
 21843 | Lair:3   | Noticed H0rd4k's ghost (journeyman HuAr)
 21849 | Lair:3   | Found a bloodstained altar of Trog.
 22211 | Lair:3   | Found a transporter.
 22215 | Lair:3   | Found a transporter.
 22226 | Lair:3   | Identified the +7 demon trident of Gecautt {flame, rN+}
 23029 | Lair:4   | Found a burning altar of Makhleb.
 23054 | Lair:4   | Found a frozen archway.
 23068 | IceCv    | Entered an ice cave
 23160 | IceCv    | Reached skill level 1 in Fighting
 23490 | IceCv    | Got a vibrating wooden ring
 23629 | Lair:4   | Identified the ring of Zoasineo {rF+ Str+3 Stlth+} (You
                  | found it in an ice cave)
 23742 | Lair:4   | Got a transparent glass ring
 23752 | Lair:4   | Noticed Kirke
 23757 | Lair:4   | Killed Kirke
 24091 | Lair:4   | Found a hole to the Spider Nest.
 25177 | Lair:5   | Identified the ring of Scepticism {rElec rF++ MR+ Str+2}
                  | (You found it on level 4 of the Lair of Beasts)
 25271 | Lair:5   | Reached XP level 14. HP: 115/115 MP: 31/35
 25465 | Lair:5   | Reached skill level 5 in Fighting
 25618 | Lair:5   | Got an encrusted leather armour
 25633 | Lair:5   | Identified the +3 leather armour of Masochism {Dex+2} (You
                  | found it on level 5 of the Lair of Beasts)
 26262 | Lair:5   | Got a crude ring mail
 26274 | Lair:5   | Identified the +1 ring mail "Lusateoj" {rF+ SInv} (You
                  | found it on level 5 of the Lair of Beasts)
 26331 | Lair:6   | Entered Level 6 of the Lair of Beasts
 26384 | Lair:5   | Reached skill level 17 in Earth Magic
 27809 | Lair:6   | Found a runed translucent door.
 27815 | Lair:6   | Found a viscous altar of Jiyva.
 27816 | Lair:6   | Found a staircase to the Slime Pits.
 28260 | Lair:6   | Got a smoking plate armour
 28278 | Lair:6   | Identified the +0 plate armour of Watchfulness {Stlth+}
                  | (You found it on level 6 of the Lair of Beasts)
 28827 | Orc:1    | Entered Level 1 of the Orcish Mines
 29247 | Orc:1    | Noticed an orc warlord
 29387 | D:10     | Killed an orc warlord
 29764 | Orc:2    | Entered Level 2 of the Orcish Mines
 29823 | Orc:1    | Reached XP level 15. HP: 133/133 MP: 20/37
 30225 | Orc:2    | HP: 2/133 [ogre mage/crystal spear (55)]
 31019 | Orc:2    | Paralysed by an ogre mage for 2 turns
 31388 | Orc:2    | Found Belymeq's Jewellery Emporium.
 31388 | Orc:2    | Found Uhapumul's Food Shop.
 31389 | Orc:2    | Found Guitutiu's Jewellery Boutique.
 31389 | Orc:2    | Found Nupo Udu's Food Emporium.
 31514 | Orc:2    | Found a staircase to the Elven Halls.
 31718 | Orc:2    | Bought the ring "Zoafiom" {rPois MR+ Slay+2} for 624 gold
                  | pieces
 31737 | Elf:1    | Entered Level 1 of the Elven Halls
 31754 | Elf:1    | Reached skill level 18 in Earth Magic
 32800 | Elf:2    | Noticed Donald
 32806 | Elf:2    | Killed Donald
 32842 | Elf:2    | Found Butod's Food Boutique.
 32888 | Elf:2    | Found a flickering gateway to a bazaar.
 32903 | Bazaar   | Entered a bazaar
 32937 | Bazaar   | Found Lueps's Antique Weapon Shoppe.
 32937 | Bazaar   | Found Xujoischo's Weapon Emporium.
 32958 | Bazaar   | Found Umonn's Weapon Shoppe.
 32958 | Bazaar   | Found Inlyadis's Magic Scroll Emporium.
 33029 | Bazaar   | Bought a scroll of vulnerability for 75 gold pieces
 33029 | Bazaar   | Bought a scroll of teleportation for 30 gold pieces
 33029 | Bazaar   | Bought a scroll of fear for 35 gold pieces
 33029 | Bazaar   | Bought a scroll of fog for 20 gold pieces
 33029 | Bazaar   | Bought a scroll of blinking for 75 gold pieces
 33029 | Bazaar   | Bought 2 scrolls of teleportation for 60 gold pieces
 33029 | Bazaar   | Bought a scroll of immolation for 35 gold pieces
 33043 | Bazaar   | Bought 16 stones for 20 gold pieces
 33043 | Bazaar   | Bought 17 stones for 22 gold pieces
 33043 | Bazaar   | Bought 31 stones for 40 gold pieces
 33577 | Elf:2    | Found a huge runed translucent gate.
 33577 | Elf:2    | Found a huge runed translucent gate.
 33577 | Elf:2    | Found a huge runed translucent gate.
 33577 | Elf:2    | Found a huge runed translucent gate.
 33577 | Elf:2    | Found a huge runed translucent gate.
 33582 | Elf:2    | Noticed a deep elf blademaster
 33701 | Elf:2    | Killed a deep elf blademaster
 33935 | Elf:2    | Reached skill level 10 in Fighting
 34228 | Elf:2    | Reached XP level 16. HP: 147/147 MP: 20/39
 34604 | Elf:3    | Entered Level 3 of the Elven Halls
 35644 | Elf:3    | Noticed a deep elf blademaster
 35648 | Elf:3    | Killed a deep elf blademaster
 35648 | Elf:3    | Noticed a deep elf master archer
 35649 | Elf:3    | Noticed a deep elf master archer
 35650 | Elf:3    | Killed a deep elf master archer
 35748 | Elf:3    | Killed a deep elf master archer
 35882 | Elf:3    | Noticed a deep elf blademaster
 35883 | Elf:3    | Noticed a deep elf blademaster
 35885 | Elf:3    | Killed a deep elf blademaster
 35885 | Elf:3    | Reached skill level 15 in Spellcasting
 35887 | Elf:3    | Noticed a deep elf master archer
 35888 | Elf:3    | Killed a deep elf blademaster
 35909 | Elf:3    | Killed a deep elf master archer
 35998 | Elf:3    | Reached skill level 19 in Earth Magic
 36404 | Elf:3    | Noticed a deep elf blademaster
 36405 | Elf:3    | Noticed a deep elf master archer
 36405 | Elf:3    | Noticed a deep elf master archer
 36408 | Elf:3    | Killed a deep elf blademaster
 36408 | Elf:3    | Killed a deep elf master archer
 36411 | Elf:3    | Killed a deep elf master archer
 36844 | Elf:3    | Got a scorched trident
 36853 | Elf:3    | Identified the Grimoire of Necromancy and Battle Magic
 36856 | Elf:3    | Got a pair of ichor-stained gloves
 36874 | Elf:3    | Identified the +4 trident "Hunul" {speed, *Slow +Rage rN+++
                  | Str+5} (You found it on level 3 of the Elven Halls)
 36879 | Elf:3    | Identified the +0 pair of gloves of Gatealom {rC++ MR-
                  | Stlth+} (You found it on level 3 of the Elven Halls)
 36889 | Elf:3    | Got a pitted chain mail
 36935 | Elf:3    | Identified the +1 chain mail of Raost {rF++} (You found it
                  | on level 3 of the Elven Halls)
 36977 | Elf:3    | Reached XP level 17. HP: 160/160 MP: 23/42
 37060 | Elf:3    | Identified Nec Diap's Almanac of Augmentations and Flight
 37084 | Elf:3    | Got a jewelled plate armour
 37096 | Elf:3    | Identified the +6 plate armour of the Sacrificial Victim
                  | {Str+2 Slay+3} (You found it on level 3 of the Elven Halls)
 37172 | Elf:3    | Got a heavily runed chain mail
 37184 | Elf:3    | Identified the +2 chain mail "Utaer" {Regen+ Slay+2} (You
                  | found it on level 3 of the Elven Halls)
 37346 | Orc:2    | Bought the ring of Robustness {AC+8} for 1792 gold pieces
 37346 | Orc:2    | Found the ring of Robustness {AC+8}
 37530 | D:6      | Bought a +0 pair of boots for 58 gold pieces
 37530 | D:6      | Bought a +2 cloak of preservation for 279 gold pieces
 37574 | D:6      | Learned a level 2 spell: Passwall
 37767 | Shoals:1 | Entered Level 1 of the Shoals
 37917 | Shoals:1 | Found a runed translucent door.
 37983 | Shoals:1 | Noticed doomsgape's ghost (adept TrHu)
 40367 | Shoals:3 | Noticed Louise
 41427 | Shoals:3 | Cast into level 2 of the Abyss (Louise)
 41427 | Abyss:2  | Found a corrupted altar of Lugonu.
 41816 | Abyss:2  | Noticed a tentacled monstrosity
 41823 | Abyss:2  | Killed a tentacled monstrosity
 41944 | Abyss:2  | Noticed a Hell Sentinel
 42429 | Shoals:3 | Escaped the Abyss
 42439 | Shoals:3 | Killed Louise
 42445 | Shoals:3 | Noticed Ilsuiw
 42480 | Shoals:3 | Reached skill level 20 in Earth Magic
 42915 | Shoals:3 | Killed Ilsuiw
 43220 | Shoals:4 | Entered Level 4 of the Shoals
 43283 | Shoals:4 | Reached XP level 18. HP: 139/173 MP: 18/44
 44781 | Shoals:4 | Got a barnacled rune of Zot
 45751 | Shoals:4 | Got an ancient cloak
 45762 | Shoals:4 | Identified the cursed -1 cloak "Eduoh" {rElec MR++} (You
                  | found it on level 4 of the Shoals)
 45929 | Spider:1 | Entered Level 1 of the Spider Nest
 45938 | Spider:1 | Noticed Aizul
 46328 | Lair:4   | Killed Aizul
 47252 | Spider:1 | Found a roughly hewn altar of Beogh.
 48745 | Spider:3 | Found a transporter.
 48768 | Spider:3 | Found a one-way gate to the infinite horrors of the Abyss.
 48831 | Spider:3 | Noticed ChadusMaximus's ghost (adept MiBe)
 48847 | Spider:3 | Found a transporter.
 49162 | Spider:3 | Killed ChadusMaximus's ghost
 49756 | Spider:4 | Entered Level 4 of the Spider Nest
 49765 | Spider:4 | Identified Roxanne's Compendium of Earth
 49765 | Spider:4 | Noticed Roxanne
 49768 | Spider:4 | Killed Roxanne
 49961 | Spider:4 | Learned a level 5 spell: Borgnjor's Vile Clutch
 50429 | Spider:4 | Learned a level 6 spell: Iron Shot
 50546 | Spider:4 | Reached XP level 19. HP: 164/185 MP: 22/46
 51125 | Spider:4 | Got a gossamer rune of Zot
 51539 | D:13     | Found an ancient bone altar of Kikubaaqudgha.
 51555 | D:13     | Reached skill level 15 in Fighting
 51808 | D:13     | Found a gate to the Vaults.
 52729 | Vaults:1 | Entered Level 1 of the Vaults
 52745 | Vaults:1 | Reached skill level 21 in Earth Magic
 54903 | Vaults:2 | You fall into a shaft and drop 1 floor!
 55425 | Vaults:3 | Noticed a golden dragon
 55425 | Vaults:3 | an acid blob changed into a golden dragon
 55428 | Vaults:3 | a golden dragon changed into a shadow dragon
 55477 | Vaults:3 | Found a staircase to the Crypt.
 56395 | Vaults:2 | Reached XP level 20. HP: 198/198 MP: 41/48
 56600 | Vaults:3 | Learned a level 9 spell: Shatter
 56927 | Vaults:4 | Identified the +1 leather armour of Shadows and Fog
                  | {*Contam +Blink rF+ MR+}
 58347 | Vaults:5 | Entered Level 5 of the Vaults
 58349 | Vaults:5 | Reached skill level 10 in Shields
 58349 | Vaults:5 | Reached skill level 22 in Earth Magic
 58636 | Vaults:5 | Reached XP level 21. HP: 123/205 MP: 13/49
 59004 | Vaults:5 | Identified the +2 leather armour of the Gate {Dex+2}
 59536 | Vaults:5 | Reached skill level 23 in Earth Magic
 60091 | Vaults:5 | Identified Biuhuan's Volume of Flying Evil
 60289 | Vaults:5 | Found Yraziege's General Store.
 60295 | Vaults:5 | Bought a scroll of teleportation for 42 gold pieces
 60295 | Vaults:5 | Bought a potion of curing for 42 gold pieces
 60295 | Vaults:5 | Bought 20 arrows for 56 gold pieces
 60295 | Vaults:5 | Bought a scroll of acquirement for 728 gold pieces
 60295 | Vaults:5 | Bought the ring "Qexok" {rF+ rC++} for 693 gold pieces
 60295 | Vaults:5 | Bought a scroll of blinking for 105 gold pieces
 60295 | Vaults:5 | Bought an uncursed ring of magical power for 280 gold
                  | pieces
 60298 | Vaults:5 | Got a silver rune of Zot
 60311 | Vaults:5 | Acquired the amulet of Trepidation {Reflect rC+ rN+ Int+3
                  | SH+5}
 60570 | Vaults:5 | Got a heavy robe
 60571 | Vaults:5 | Identified the +1 robe of Agnosticism {*Slow +Blink rC++
                  | rCorr} (You found it on level 5 of the Vaults)
 60701 | Vaults:2 | Noticed Nikola
 60787 | Vaults:2 | Found Datuppomua's Antique Weapon Shop.
 60789 | Vaults:2 | Killed Nikola
 61517 | Vaults:2 | Learned a level 8 spell: Controlled Blink
 61526 | Vaults:2 | Found Zahiucki's Antique Armour Boutique.
 61576 | Vaults:2 | Found Ygus's Weapon Shop.
 61904 | Vaults:2 | Found Ystrutem's Gadget Boutique.
 62357 | D:14     | Noticed Jorgrun
 62361 | D:14     | Killed Jorgrun
 62361 | D:14     | Reached skill level 1 in Translocations
 63012 | D:14     | Found a runed translucent door.
 63059 | D:14     | Identified Sif Muna's Volume of Bewitchment
 63224 | D:14     | Got a brightly glowing robe
 63225 | D:14     | Identified the +1 robe of the Valley {+Inv rElec rPois
                  | Dex-3} (You found it on level 14 of the Dungeon)
 63474 | D:15     | Entered Level 15 of the Dungeon
 64386 | D:15     | Found a staircase to the Depths.
 64569 | Depths:1 | Entered Level 1 of the Depths
 64572 | Depths:1 | Identified the Grimoire of the Volcanoes and Black Magic
 64574 | Depths:1 | Found a gateway to a ziggurat.
 64588 | Depths:1 | Reached XP level 22. HP: 213/213 MP: 36/51
 64604 | Depths:1 | Noticed the Enchantress
 64608 | Depths:1 | Killed the Enchantress
 64688 | Zig:1    | Entered Level 1 of a ziggurat
 64730 | Zig:2    | Entered Level 2 of a ziggurat
 64753 | Zig:3    | Entered Level 3 of a ziggurat
 64821 | Zig:3    | Got a warped trident
 64825 | Zig:3    | Identified the +7 trident of Cowardice {protect, *Noise rN+
                  | Str+3} (You found it on level 3 of a ziggurat)
 64830 | Zig:4    | Entered Level 4 of a ziggurat
 64871 | Zig:4    | Got a bloodstained cloak
 64873 | Zig:4    | Identified the +2 cloak "Inul" {Harm rCorr Str+3 Int+4}
                  | (You found it on level 4 of a ziggurat)
 64886 | Zig:5    | Entered Level 5 of a ziggurat
 64891 | Zig:5    | Noticed Faowirph the pandemonium lord
 64898 | Zig:5    | Killed Faowirph the pandemonium lord
 64981 | Zig:5    | Learned a level 2 spell: Sublimation of Blood
 65040 | Zig:6    | Entered Level 6 of a ziggurat
 65042 | Zig:6    | Noticed a greater mummy
 65048 | Zig:6    | Killed a greater mummy
 65158 | Zig:7    | Entered Level 7 of a ziggurat
 65189 | Zig:7    | Reached XP level 23. HP: 221/221 MP: 47/52
 65196 | Zig:7    | Identified the Guide on Gliding Protection
 65202 | Zig:8    | Entered Level 8 of a ziggurat
 65233 | Zig:8    | Reached skill level 5 in Translocations
 65233 | Zig:8    | Reached XP level 24. HP: 231/231 MP: 49/52
 65237 | Zig:8    | Learned a level 1 spell: Apportation
 65243 | Zig:9    | Entered Level 9 of a ziggurat
 65390 | Zig:10   | Entered Level 10 of a ziggurat
 65398 | Zig:10   | Found the +8 demon blade "Leech" {vamp, *Rage +Rage rN+}
 65403 | Zig:10   | Reached skill level 15 in Shields
 65443 | Zig:10   | Got a pitted spear
 65456 | Zig:10   | Identified the +7 spear "Duroh" {freeze, rN+ MP+9} (You
                  | found it on level 10 of a ziggurat)
 65501 | Zig:11   | Entered Level 11 of a ziggurat
 65506 | Zig:11   | Noticed an ancient lich
 65511 | Zig:11   | Killed an ancient lich
 65609 | Zig:11   | Identified the Compendium of Aid
 65638 | Zig:11   | Got a smoking trident
 65639 | Zig:11   | Identified the +9 trident "Garon" {speed, rC+ Int+4} (You
                  | found it on level 11 of a ziggurat)
 65645 | Zig:12   | Entered Level 12 of a ziggurat
 65658 | Zig:12   | Noticed Ryt Ybax the pandemonium lord
 65658 | Zig:12   | Noticed Titoiquk the pandemonium lord
 65658 | Zig:12   | Noticed a Killer Klown
 65659 | Zig:12   | Noticed a Killer Klown
 65660 | Zig:12   | Noticed a Killer Klown
 65661 | Zig:12   | Killed a Killer Klown
 65661 | Zig:12   | Killed a Killer Klown
 65665 | Zig:12   | Killed a Killer Klown
 65672 | Zig:12   | Killed Ryt Ybax the pandemonium lord
 65681 | Zig:12   | Killed Titoiquk the pandemonium lord
 65681 | Zig:12   | Reached skill level 10 in Translocations
 65869 | Zig:12   | Identified Vehumet's Guide on Conjuration
 65880 | Zig:12   | Got a brightly glowing chain mail
 65881 | Zig:12   | Identified the +8 chain mail "Udeluw" {rElec} (You found it
                  | on level 12 of a ziggurat)
 65900 | Zig:12   | Reached XP level 25. HP: 237/237 MP: 52/52
 65902 | Zig:13   | Entered Level 13 of a ziggurat
 65920 | Zig:13   | Found the +4 robe of Augmentation {Str+4 Int+4 Dex+4}
 65922 | Zig:14   | Entered Level 14 of a ziggurat
 65935 | Zig:14   | Paralysed by a floating eye for 4 turns
 65945 | Zig:14   | Paralysed by a floating eye for 4 turns
 65962 | Zig:14   | Reached XP level 26. HP: 65/246 MP: 26/52
 65965 | Zig:14   | Gained mutation: Scrolls take you a little longer to read.
                  | [a cacodemon]
 65972 | Zig:14   | Found the ring of the Octopus King
 66230 | Zig:14   | Got a ring of the Octopus King
 66243 | Zig:14   | Learned a level 2 spell: Shroud of Golubria
 66250 | Zig:15   | Entered Level 15 of a ziggurat
 66256 | Zig:15   | Noticed an orb of fire
 66256 | Zig:15   | Noticed an orb of fire
 66260 | Zig:15   | Noticed an orb of fire
 66262 | Zig:15   | Noticed an orb of fire
 66262 | Zig:15   | Noticed an orb of fire
 66262 | Zig:15   | Gained mutation: Your spells are a little easier to cast,
                  | but a little less powerful. [an orb of fire]
 66268 | Zig:15   | Noticed an orb of fire
 66269 | Zig:15   | Identified An Introduction to Spellcasting
 66273 | Zig:16   | Entered Level 16 of a ziggurat
 66304 | Zig:16   | Reached XP level 27. HP: 142/254 MP: 44/52
 66327 | Zig:16   | Noticed Bazaag the pandemonium lord
 66337 | Zig:17   | Entered Level 17 of a ziggurat
 66559 | Zig:17   | Identified a ring of the Octopus King {AC+1 EV+1 Str+1
                  | Int+1 Dex+1 Stlth+} (You found it on level 14 of a
                  | ziggurat)
 66599 | Zig:18   | Entered Level 18 of a ziggurat
 66616 | Zig:18   | Noticed an ancient lich
 66618 | Zig:18   | Reached skill level 15 in Translocations
 66618 | Zig:18   | Killed an ancient lich
 66763 | Zig:18   | Found the +10 tower shield of Ignorance {rN+ Int-4}
 66782 | Zig:18   | Identified the Compendium of Icy Curses
 66798 | Zig:18   | Got a scintillating lead amulet
 66800 | Zig:18   | Identified the amulet of Adghudid {RegenMP Str-4 Dex+6}
                  | (You found it on level 18 of a ziggurat)
 66804 | Zig:18   | Got a slimy turquoise ring
 66807 | Zig:18   | Identified the cursed ring "Myosugri" {MR+ AC-4} (You found
                  | it on level 18 of a ziggurat)
 66816 | Zig:18   | Got a smoking rapier
 66818 | Zig:18   | Identified the +8 rapier "Luhem" {vorpal, *Corrode Int+3
                  | SInv} (You found it on level 18 of a ziggurat)
 66823 | Zig:19   | Entered Level 19 of a ziggurat
 67000 | Zig:19   | Got a vibrating amethyst amulet
 67008 | Zig:19   | Identified the amulet of the Leaping Priest {Acrobat rElec
                  | rPois Str+3} (You found it on level 19 of a ziggurat)
 67016 | Zig:20   | Entered Level 20 of a ziggurat
 67032 | Zig:20   | HP: 10/254 [torment (6)]
 67032 | Zig:20   | Killed by a guardian mummy's death curse

Illustrated notes

Levels and vault maps discovered:
D:1:      dpeg_arrival_pond, layout_loops_ring
D:2:      layout_loops_corners, chequers_serial_rivers_large_a
D:3:      cheibrodos_pilgrimage, layout_basic, uniq_natasha
D:4:      layout_basic, okawaru_trees_1, serial_shops, shop,
          kennysheep_flooded_box, nicolae_ru_sacrificial_ziggurat
D:5:      layout_basic, temple_hall, first_ration, kennysheep_doodads,
          uniq_duvessa
D:6:      cheibrodos_quashed, layout_basic, yredelemnul_altar_generic,
          serial_shops, kennysheep_little_box, st_stairs_5
D:7:      layout_basic, uniq_crazy_yiuf_cottage, uniq_prince_ribbit1,
          uniq_harold
D:8:      layout_basic, ebering_ghost_reflecting_pool, sword_in_stone
D:9:      layout_gridville, serial_shops, shop, minivault_24,
          hangedman_pestilent_swarm
D:10:     layout_big_octagon, erik_orc_3, serial_shops, shop, basic_altar,
          kennysheep_crisscross
D:11:     layout_roguey, erik_lair_island, uniq_grum
D:12:     layout_long_grid, nicolae_trove_entry_crystal, serial_shops,
          nicolae_shop_competitors_out_of_business, uniq_nergalle, uniq_urug
D:13:     layout_rooms, lightli_vaults_fourway_checkpoint, basic_altar
D:14:     layout_gridville, corexii_checkpoint_a, minmay_crystal_box,
          uniq_jorgrun
D:15:     gammafunk_enter_depths_forms, layout_basic, chequers_garden,
          minmay_fountain_box, minmay_unpleasant_kobolds
Lair:1:   minmay_guarded_unrand_snakebite, layout_cave_pods,
          serial_bayou_shore_a, grunt_megastairs_2
Lair:2:   layout_roguey, minmay_shoals_entry_centaurs, gammafunk_ghost_grave,
          beast_lair_carwin_2, grunt_megastairs_1
Lair:3:   layout_cave_shapes, gammafunk_ghost_wrathful_warriors,
          gauntlet_entry_generic, beast_lair_carwin_9
Lair:4:   layout_cellular_growth, dummy_spider_entry,
          portal_ice_cave_entry_pillars_1, basic_altar, minmay_shattered_shrine,
          uniq_kirke
Lair:5:   layout_loops_ring, infiniplex_staircase_pool_2,
          minmay_lair_oklob_chamber, grunt_megastairs_3
Lair:6:   grunt_lair_end_beastmaster, layout_cellular_growth, slime_altar_2,
          hangedman_lair_generics_rect
Shoals:1: layout_shoals, gammafunk_ghost_grave
Shoals:2: cheibrodos_shoals_epimethial_gifts, layout_shoals
Shoals:3: layout_shoals, uniq_louise, uniq_ilsuiw
Shoals:4: shoals_end_hangedman, layout_shoals, shoals_ilsuiw_ice,
          nicolae_shoals_seven_spires
Spider:1: nicolae_spider_mines_2, spiders_nest_hornet_nest,
          hangedman_spider_tarantella_strand, uniq_aizul
Spider:2: layout_spider_delve
Spider:3: layout_spider_delve, gammafunk_ghost_abyssal_escape, drop_trap
Spider:4: spider_rune_water, uniq_roxanne
Orc:1:    layout_diamond_mine, elf_legates
Orc:2:    st_orc_ogre_mass, layout_diamond_mine
Elf:1:    layout_geoelf_diagonals, hangedman_elf_represent,
          serial_sigils_hangedman_etch
Elf:2:    layout_gridlike, serial_shops, bzr_entry_islet, minmay_shop_star,
          uniq_donald
Elf:3:    minmay_elf_hall, layout_geoelf_diagonals
Vaults:1: nicolae_vaults_holding_cells, nicolae_vaults_arrows, v_misc_23,
          ontoclasm_vaults_bender, nicolae_vaults_specimen_jars,
          vaults_room_corners, vaults_room_semicircle,
          ontoclasm_vaults_shuriken, dpeg_vaults_monster_box,
          grunt_vaults_diagonal, layout_vaults_omnigrid
Vaults:2: v_alt_pattern_4, hangedman_vaults_corner_blocks, v_misc_25,
          nicolae_vaults_shelves_hall, v_pattern_2, vaults_dpeg_encased_lava,
          vaults_mumra_minichess, vaults_mumra_minichess_inversion,
          layout_vaults_chaotic_city, serial_shops, shop_coins, shop, shop,
          shop, uniq_nikola
Vaults:3: minmay_crypt_entry_simple_corners, vaults_room_octagon,
          hangedman_vaults_restitches, nicolae_vaults_display_case,
          nicolae_vaults_little_squares_2, nicolae_vaults_little_squares_2,
          v_misc_17, hangedman_vaults_snaps, vaults_room_hallway,
          layout_vaults_maze_bifur
Vaults:4: vaults_room_stairs_pillars, grunt_vaults_hallway_long, v_pattern_5,
          nicolae_vaults_statue_guard, hangedman_vaults_locks,
          grunt_vaults_trifunnel, v_misc_22,
          vaults_room_grunt_arrival_checkpoint, grunt_vaults_hallway_long,
          nicolae_vaults_diagonal_hallway_8, nicolae_vaults_little_squares_2,
          layout_vaults_ring
Vaults:5: serial_shops
Depths:1: layout_forbidden_donut, enter_ziggurat_f, ebering_ghost_gozag,
          grunt_metal_band, serial_shops, bzr_entry_water, kennysheep_mini,
          shop, nicolae_shop_statue_plus, nicolae_shop_crystal, pan_entry,
          nicolae_lava_and_water, feat_on_display, serial_bayou_shore_b,
          uniq_enchantress
Zig:20

Skill      XL: |  1  2  3  4  5  6  7  8  9 10 11 12 13 14 15 16 17 18 19 20 21 22 23 24 25 26 27 |
---------------+----------------------------------------------------------------------------------+-----
Earth Magic    | 3 4 5 6 7 9 11 13 14 15 16 17 18 19 20 21 22 23 | 23.6
Spellcasting   | 2 3 4 5 6 7 8 10 11 12 13 14 15 16 17 18 19 | 19.3
Shields        | 4 5 6 8 10 12 14 15 | 15.7
Fighting       | 4 7 10 12 13 14 15 | 15.8
Translocations | 2 3 5 10 11 12 18 | 18.3
Dodging        | |  1.7
Stealth        | |  1.7
Transmutations | |  0.8

Action                   |  1- 3 |  4- 6 |  7- 9 | 10-12 | 13-15 | 16-18 | 19-21 | 22-24 | 25-27 || total
-------------------------+-------+-------+-------+-------+-------+-------+-------+-------+-------++-------
Melee: Unarmed           |    96 |    33 |       |       |       |       |       |       |       ||   129
       Dagger            |       |       |   182 |   323 |       |       |       |       |       ||   505
       Mace              |       |       |       |    23 |    59 |       |       |       |       ||    82
       Staff             |       |       |       |       |       |    20 |   111 |     6 |     2 ||   139
Throw: Stone             |       |       |       |       |     1 |     3 |     3 |     2 |       ||     9
 Cast: Sandblast         |    38 |    46 |    84 |   177 |   140 |   103 |    71 |     1 |    10 ||   670
       Stone Arrow       |       |     7 |    33 |   100 |   224 |   116 |     5 |       |     1 ||   486
       Lee's Rapid Decon |       |       |    26 |   121 |   349 |   650 |   118 |     1 |    10 ||  1275
       Petrify           |       |       |     3 |    23 |    35 |   128 |     2 |       |       ||   191
       Mephitic Cloud    |       |       |       |     3 |     3 |       |       |       |       ||     6
       Blink             |       |       |       |     1 |    21 |    42 |    13 |     1 |     2 ||    80
       Passwall          |       |       |       |       |       |     2 |       |       |       ||     2
       Iron Shot         |       |       |       |       |       |       |   278 |    42 |    18 ||   338
       Shatter           |       |       |       |       |       |       |    51 |    28 |    25 ||   104
       Shroud of Golubri |       |       |       |       |       |       |       |       |     6 ||     6
       Apportation       |       |       |       |       |       |       |       |       |     1 ||     1
       Controlled Blink  |       |       |       |       |       |       |       |       |     8 ||     8
Evoke: Wand              |       |    19 |     6 |    16 |    21 |    38 |     6 |       |     3 ||   109
       Box of beasts     |       |       |       |       |       |       |       |       |    12 ||    12
       Phial of floods   |       |       |       |       |       |       |       |       |     1 ||     1
  Use: Scroll            |     4 |     1 |     5 |    15 |    18 |    32 |    19 |    12 |     9 ||   115
       Potion            |       |       |     4 |     2 |     5 |    11 |     5 |     6 |    13 ||    46
 Stab: Sleeping          |     7 |     1 |     5 |     5 |       |       |       |       |       ||    18
       Distracted        |       |       |     2 |     1 |       |       |     2 |       |       ||     5
       Petrified         |       |       |     2 |       |       |       |       |       |       ||     2
       Petrifying        |       |       |     1 |     1 |       |       |       |       |       ||     2
  Eat: Chunk             |     6 |     4 |    14 |    40 |    23 |     3 |    31 |     2 |       ||   123
       Ration            |       |     1 |     3 |     6 |     8 |    14 |     9 |     5 |     3 ||    49
Armor: Robe              |     8 |    13 |    45 |    15 |       |       |       |       |       ||    81
       Leather armour    |     5 |     1 |       |       |       |       |       |       |       ||     6
       Skin              |       |       |     5 |    24 |       |       |       |       |       ||    29
       Steam dragon scal |       |       |       |   110 |       |       |       |       |       ||   110
       Troll leather arm |       |       |       |    34 |    92 |   194 |   124 |     8 |    18 ||   470
Dodge: Dodged            |    79 |    33 |   166 |   350 |   178 |   220 |   196 |    12 |    29 ||  1263
Block: Buckler           |       |       |       |    18 |    84 |   117 |   109 |     1 |       ||   329
       Kite shield       |       |       |       |       |       |       |       |    21 |    40 ||    61
